 Dungeon Crawl Stone Soup version 0.28-a0-563-gf77a47075d (webtiles) character file.

Game seed: 4233150881008681906

42 SkeletonJelly the Ruffian (level 3, -4/32 HPs)
             Began as a Troll Transmuter on Sept 30, 2021.
             Slain by Terence (11 damage)
             ... on level 2 of the Dungeon.
             The game lasted 00:02:30 (1325 turns).

SkeletonJelly the Ruffian (Troll Transmuter)        Turns: 1325, Time: 00:02:31

Health: -4/32      AC:  4    Str: 18    XL:     3   Next: 33%
Magic:  1/3        EV:  9    Int: 10    God:
Gold:   33         SH:  0    Dex: 10    Spells: 1/4 levels left

rFire   . . .      SeeInvis .     - Unarmed
rCold   . . .      Faith    .   (no shield)
rNeg    . . .      Spirit   .   a - +0 robe
rPois   .          Reflect  .   (helmet restricted)
rElec   .          Harm     .   (no cloak)
rCorr   .          Rampage  .   (gloves unavailable)
Will    .....                   (boots unavailable)
Stlth   +.........              (no amulet)
HPRegen 1.10/turn               (no ring)
MPRegen 0.08/turn               (no ring)

@: wereblooded
A: large, unfitting armour, claws 3, regeneration 1, shaggy fur 1, tough skin 1
a: no special abilities


You were on level 2 of the Dungeon.
You visited 1 branch of the dungeon, and saw 2 of its levels.

You collected 33 gold pieces.

Inventory:

Armour
 a - a +0 robe (worn)
Scrolls
 b - a scroll of fog {unknown}
 d - 2 scrolls of amnesia {unknown}
Potions
 c - a potion of heal wounds {unknown}


   Skills:
 - Level 0.7 Fighting
 - Level 1.5 Dodging
 - Level 3.0 Unarmed Combat
 - Level 1.2 Spellcasting
 + Level 2.8 Transmutations


You had one spell level left.
You knew the following spells:

 Your Spells              Type           Power      Damage    Failure   Level
a - Beastly Appendage     Tmut           12%        N/A       11%         1
s - Wereblood             Tmut           6%         N/A       16%         2

Your spell library contained the following spells:

 Spells                   Type           Power      Damage    Failure   Level
 Spider Form              Tmut/Pois      1%         N/A       50%         3
 Ice Form                 Ice/Tmut       3%         N/A       88%         4


Dungeon Overview and Level Annotations

Branches:
Dungeon (2/15)

Altars:

Annotations:
D:2 Terence


Innate Abilities, Weirdness & Mutations

You are too large for most types of armour.
You have claws for hands.
Your natural rate of healing is unusually fast.
You are covered in fur. (AC +1)
You have tough skin. (AC +1)


Message History

Key pressed, stopping explore.
Key pressed, stopping explore.
You see here a +0 short sword.
There is a stone staircase leading up here.
Key pressed, stopping explore.
A dart slug comes into view.
Casting: Beastly Appendage (safe; 11% risk of failure)
Confirm with . or Enter, or press ? or * to list all spells.
Your blood is infused with primal strength.
You now have 1/3 mp.
Casting: Wereblood (safe; 17% risk of failure)
Confirm with . or Enter, or press ? or * to list all spells.
You grow a pair of large bovine horns.
Your feet morph into talons.
The dart slug launches a dart at you. The slug dart hits you.
You take 3 damage, and have 29/32 hp.
You now have 0/3 mp.
A goblin comes into view. It is wielding a +0 club.
The goblin shouts!
The goblin moves out of view.
The dart slug launches a dart at you. The slug dart hits you.
You take 3 damage, and have 27/32 hp.
Your transformation is almost over.
You claw the dart slug! You headbutt the dart slug.
You feel a bit better.
You kill the dart slug!
You howl as the wereblood boils in your veins!
The goblin hits you with a +0 club.
You take 1 damage, and have 28/32 hp.
You completely miss the goblin. You claw the goblin.
The goblin is severely wounded.
The goblin hits you with a +0 club.
You take 3 damage, and have 25/32 hp.
You barely miss the goblin. You claw the goblin.
You feel a bit better.
You kill the goblin!
You regained 2 hp, and now have 27/32 hp.
No target in view!
No target in view!
No target in view!
No target in view!
No target in view!
You howl as the wereblood boils in your veins!
You howl as the wereblood boils in your veins!
You howl as the wereblood boils in your veins!
HP restored.
Your horns disappear.
Your talons disappear.
Your primal bloodlust is almost over.
You howl as the wereblood boils in your veins!
Your primal bloodlust has ended.
A quokka comes into view.
Health restored: 32; MP restored: 3 A quokka is nearby!
A quokka is nearby!
A quokka is nearby!
A quokka is nearby!
A quokka is nearby!
Casting: Beastly Appendage (safe; 11% risk of failure)
Confirm with . or Enter, or press ? or * to list all spells.
Your blood is infused with primal strength.
You now have 1/3 mp.
Casting: Wereblood (safe; 16% risk of failure)
Confirm with . or Enter, or press ? or * to list all spells.
You grow a pair of large bovine horns.
Your feet morph into talons.
The quokka closely misses you.
You now have 0/3 mp.
You barely miss the quokka. Your kick misses the quokka.
Your headbutt misses the quokka. The quokka barely misses you.
You scratch the quokka.
You kill the quokka!
No target in view!
No target in view!
No target in view!
No target in view!
No target in view!
You howl as the wereblood boils in your veins!
You hear a shout!
Terence the Incautious comes into view.
He is wielding a +0 flail of protection and wearing a +4 scale mail of willpower.
Terence is nearby!
Terence is nearby!
Terence is nearby!
Terence is nearby!
A quokka comes into view.
Terence drinks a potion.
Terence flickers and vanishes!
Deactivating autopickup; reactivate with Ctrl-A.
You aren't carrying any items that you can evoke.
Something hits you but does no damage.
You closely miss something. You claw something. You headbutt something.
Your claw misses something. Something hits you!
You take 7 damage, and have 25/32 hp.
MASSIVE DAMAGE!!
You closely miss something. Something hits you!
You take 9 damage, and have 16/32 hp.
MASSIVE DAMAGE!!
You miss something. You claw something.
Your horns disappear.
Your talons disappear.
Something hits you!
* * * LOW HITPOINT WARNING * * *
You take 7 damage, and have 9/32 hp.
MASSIVE DAMAGE!!
You barely miss something. Something hits you.
* * * LOW HITPOINT WARNING * * *
You take 3 damage, and have 6/32 hp.
You scratch something but do no damage. Something hits you!
You die...

#..#..##...########.
##..........# #.
#..###.###.# #.
#....#.# #. #..#.# #
#. #..#... #>
#..###.#.# #.
##........ #.
#@###.#.# #. #{# .#
## #r# # #.. # #.#
... #.. ### ###


You could see a quokka.

Vanquished Creatures
  A dart slug (D:2)
  3 ball pythons
  An endoplasm (D:1)
  2 giant cockroaches
  4 goblins
  8 hobgoblins
  2 kobolds (D:1)
  5 quokkas
  2 bats
  A frilled lizard (D:1)
  2 rats (D:1)
31 creatures vanquished.

Notes
Turn   | Place    | Note
-------+----------+-------------------------------------------
     0 | D:1      | SkeletonJelly the Troll Transmuter began the quest for the
                  | Orb.
     0 | D:1      | Reached XP level 1. HP: 18/18 MP: 1/1
   143 | D:1      | Reached XP level 2. HP: 18/26 MP: 2/2
   154 | D:1      | Learned a level 2 spell: Wereblood
   759 | D:2      | Found a faded altar of an unknown god.
   811 | D:2      | Reached XP level 3. HP: 32/32 MP: 0/3
  1316 | D:2      | Noticed Terence
  1325 | D:2      | Slain by Terence

Illustrated notes

Levels and vault maps discovered:
D:1:      dpeg_arrival_fog, layout_basic
D:2:      minmay_wonky_spiral, layout_loops_ring,
          ebering_ecumenical_altar_sacrificial, minmay_misc_feat_roman,
          uniq_terence

Skill      XL: |  1 |
---------------+----+-----
Transmutations | 2 |  2.8
Fighting       | |  0.7
Dodging        | |  1.5
Unarmed Combat | |  3.0
Spellcasting   | |  1.2

Action                   || total
-------------------------++-------
Melee: Unarmed           ||    82
       Kick              ||     5
       Headbutt          ||     2
 Cast: Beastly Appendage ||     7
       Wereblood         ||    15
Armor: Robe              ||    17
Dodge: Dodged            ||    26

Table legend: (Time is in decaauts)
 A = Elapsed time spent in this place.
 B = Non-inter-level travel time spent in this place.
 C = Inter-level travel time spent in this place.
 D = Time resting spent in this place.
 E = Time spent auto-exploring this place.
 F = Levels seen in this place.
 G = Mean time per level.
                   A        B        C        D        E       F      G
               +--------+--------+--------+--------+--------+-----+--------+
         Total |   1320 |   1305 |     15 |      0 |   1111 |   2 |  660.0 |
       Dungeon |   1320 |   1305 |     15 |      0 |   1111 |   2 |  660.0 |
               +--------+--------+--------+--------+--------+-----+--------+

Top non-repeatable levels by time:
     D:2: 667 daAuts
     D:1: 652 daAuts
